 Dungeon Crawl Stone Soup version 0.27-a0-1590-g15f69828bf (webtiles) character file.

Game seed: 564146146794024029

673 funkygono the Thaumaturge (level 7, -5/36 HPs)
             Began as a Deep Elf Hedge Wizard on July 19, 2021.
             Shot with an arrow by a centaur (10 damage)
             ... on level 6 of the Dungeon.
             The game lasted 00:11:30 (5855 turns).

funkygono the Thaumaturge (Deep Elf Hedge Wizard)   Turns: 5855, Time: 00:11:30

Health: -5/36      AC:  5    Str: 13    XL:     7   Next: 33%
Magic:  13/21      EV: 13    Int: 21    God:
Gold:   242        SH:  0    Dex: 14    Spells: 9/23 levels left

rFire    . . .     SeeInvis .   a - +2 dagger (venom)
rCold    . . .     Faith    .   (no shield)
rNeg     + . .     Spirit   .   b - +0 robe
rPois    .         Reflect  .   c - +1 hat
rElec    .         Harm     .   (no cloak)
rCorr    .         Rampage  .   e - +1 pair of gloves
Will     .....                  (no boots)
Stlth    ++........             (no amulet)
HPRegen  0.12/turn              j - ring of positive energy
MPRegen  0.17/turn              d - +6 ring of strength

@: very slightly contaminated
A: no striking features
a: no special abilities


You were on level 6 of the Dungeon.
You visited 1 branch of the dungeon, and saw 6 of its levels.

You collected 242 gold pieces.

Inventory:

Hand Weapons
 a - a +2 dagger of venom (weapon)
Missiles
 g - 52 arrows
 q - a throwing net
Armour
 b - a +0 robe (worn)
 c - a +1 hat (worn)
 e - a +1 pair of gloves (worn)
Magical Staves
 s - a staff of fire
Jewellery
 d - a +6 ring of strength (right hand)
 j - a ring of positive energy (left hand)
 r - a ring of protection from cold
Scrolls
 l - 3 scrolls of teleportation
 n - a scroll of fear
 p - 2 scrolls of brand weapon
Potions
 f - a potion of invisibility
 h - 2 potions of haste
 i - 2 potions of curing
 k - 3 potions of might
 o - a potion of magic
 v - a potion of ambrosia
 w - a potion of attraction {unknown}


   Skills:
 + Level 0.2 Fighting
 + Level 2.9 Dodging
 - Level 2.4 Stealth
 + Level 8.7 Spellcasting
 + Level 3.4 Conjurations
 + Level 2.0 Summonings
 + Level 1.1 Translocations
 * Level 2.6 Fire Magic
 * Level 1.5 Air Magic
 * Level 2.1 Poison Magic


You had 9 spell levels left.
You knew the following spells:

 Your Spells              Type           Power      Damage    Failure   Level
a - Magic Dart            Conj           92%        1d7       1%          1
b - Blink                 Tloc           N/A        N/A       7%          2
c - Call Imp              Summ           17%        N/A       4%          2
d - Slow                  Hex            9%         N/A       11%         2
e - Apportation           Tloc           26%        N/A       4%          1
f - Conjure Flame         Conj/Fire      22%        6-21      6%          3
g - Mephitic Cloud        Conj/Pois/Air  19%        N/A       9%          3

Your spell library contained the following spells:

 Spells                   Type           Power      Damage    Failure   Level
 Alistair's Intoxication  Tmut/Pois      8%         N/A       78%         5
 Manifold Assault         Tloc           13%        N/A       78%         5
 Invisibility             Hex            4%         N/A       100%        6
 Storm Form               Tmut/Air       6%         N/A       100%        7


Dungeon Overview and Level Annotations

Branches:
Dungeon (6/15)
 Temple: D:4-7

Altars:

Shops:
D:3 (


Message History

Aim: a centaur, wielding a +0 shortbow and quivering arrows (100% to hit)
The magic dart hits the centaur.
The centaur is moderately wounded.
The centaur shoots an arrow.
The arrow hits you!
Casting: Magic Dart (safe; 1% risk of failure)
Confirm with . or Enter, or press ? or * to list all spells.
Aiming: Magic Dart (safe; 1% risk of failure)
Press: ? - help, Shift-Dir - straight line, f/p - centaur
Aim: a centaur, wielding a +0 shortbow and quivering arrows (moderately wounded, 100% to hit)
The magic dart hits the centaur.
The centaur is moderately wounded.
A jelly comes into view.
Casting: Magic Dart (safe; 1% risk of failure)
Confirm with . or Enter, or press ? or * to list all spells.
Aiming: Magic Dart (safe; 1% risk of failure)
Press: ? - help, Shift-Dir - straight line, f/p - centaur
Aim: a centaur, wielding a +0 shortbow and quivering arrows (noxious fumes, moderately wounded, 100% to hit)
The magic dart hits the centaur.
The centaur is heavily wounded.
The jelly quivers.
The centaur is engulfed in noxious fumes.
The centaur shoots an arrow.
The arrow hits you!
Casting: Magic Dart (safe; 1% risk of failure)
Confirm with . or Enter, or press ? or * to list all spells.
Aiming: Mephitic Cloud (dangerous; 9% risk of failure)
Press: ? - help, Shift-Dir - straight line, p - centaur You miscast Mephitic Cloud.
You are very lightly contaminated with residual magic.
Nothing appears to happen.
The centaur shoots an arrow.
The arrow hits you!
* * * LOW HITPOINT WARNING * * *
An iguana comes into view.
The centaur shoots an arrow.
The arrow barely misses you.
The iguana hisses angrily.
Casting: Mephitic Cloud (dangerous; 9% risk of failure)
Confirm with . or Enter, or press ? or * to list all spells.
Aiming: Mephitic Cloud (dangerous; 9% risk of failure)
Press: ? - help, Shift-Dir - straight line
Okay, then.
The centaur shoots an arrow.
The arrow hits you!
You die...

# . #.. ...
#.#.########c....
............J.l).
.#$)#.@........#
#.#.#####.##.#
#......<# ..
##.###### #.# ...
. ####


You could see a centaur, an iguana and a jelly.

Vanquished Creatures
  3 ogres (D:5)
  A phantom (D:4)
  A scorpion (D:5)
  A centaur zombie (D:5)
  A bullfrog skeleton (D:5)
  2 iguanas
  Natasha (thrice) (D:3)
  5 adders
  A white imp (D:5)
  2 adder skeletons (D:4)
  2 worms
  2 dart slugs (D:2)
  5 bats
  4 endoplasms
  2 giant cockroaches
  9 goblins
  4 hobgoblins
  5 jackals
  2 quokkas
  5 ball pythons
  3 frilled lizards
  8 kobolds
  4 rats
75 creatures vanquished.

Vanquished Creatures (collateral kills)
  3 gnolls (D:5)
  A giant cockroach (D:1)
  A hobgoblin (D:1)
  2 jackals
  A ball python (D:1)
8 creatures vanquished.

Grand Total: 83 creatures vanquished

Notes
Turn   | Place    | Note
-------+----------+-------------------------------------------
     0 | D:1      | funkygono the Deep Elf Hedge Wizard began the quest for the
                  | Orb.
     0 | D:1      | Reached XP level 1. HP: 10/10 MP: 7/7
   324 | D:1      | Reached XP level 2. HP: 15/15 MP: 7/9
   327 | D:1      | Learned a level 2 spell: Blink
   330 | D:1      | Learned a level 2 spell: Call Imp
   333 | D:1      | Learned a level 2 spell: Slow
   360 | D:1      | Reached skill level 5 in Spellcasting
  1027 | D:2      | Found a faded altar of an unknown god.
  1086 | D:2      | Learned a level 1 spell: Apportation
  1114 | D:2      | Reached XP level 3. HP: 19/19 MP: 6/12
  1122 | D:2      | Learned a level 3 spell: Conjure Flame
  2043 | D:3      | Noticed Natasha
  2051 | D:3      | Killed Natasha
  2052 | D:3      | Reached skill level 6 in Spellcasting
  2052 | D:3      | Reached XP level 4. HP: 10/24 MP: 5/14
  2120 | D:2      | Learned a level 3 spell: Mephitic Cloud
  2344 | D:3      | Noticed Natasha
  2352 | D:3      | Killed Natasha
  2429 | D:3      | Noticed Natasha
  2438 | D:3      | Killed Natasha
  2439 | D:3      | Reached skill level 7 in Spellcasting
  2844 | D:3      | Reached XP level 5. HP: 28/28 MP: 11/16
  2944 | D:3      | Found Akehuimm's Antique Weapon Shop.
  3107 | D:4      | Noticed a phantom
  3630 | D:4      | Killed a phantom
  3736 | D:4      | Reached skill level 1 in Fire Magic
  4067 | D:4      | Reached XP level 6. HP: 21/32 MP: 9/18
  4553 | D:5      | Entered Level 5 of the Dungeon
  4603 | D:5      | Reached skill level 1 in Poison Magic
  4617 | D:5      | Reached skill level 8 in Spellcasting
  4617 | D:5      | Reached skill level 1 in Air Magic
  5179 | D:5      | Reached XP level 7. HP: 36/36 MP: 13/21
  5855 | D:6      | Shot with an arrow by a centaur

Illustrated notes

Levels and vault maps discovered:
D:1:      amcnicky_arrival_choice, layout_loops_ring, minmay_misc_feat_iff
D:2:      layout_rooms, ebering_ecumenical_altar_rust,
          minmay_goblin_kobold_house
D:3:      layout_basic, serial_shops, nicolae_square_shop, uniq_natasha
D:4:      layout_basic
D:5:      layout_rooms, kennysheep_diamond
D:6:      kennysheep_housing_project, layout_basic, minitemple,
          minmay_temple_entry_purple_smoke

Skill      XL: |  1  2  3  4  5  6  7 |
---------------+----------------------+-----
Spellcasting   | 5 6 7 8 |  8.7
Conjurations   | 2 3 |  3.4
Fire Magic     | 1 2 |  2.6
Poison Magic   | 1 2 |  2.1
Air Magic      | 1 |  1.5
Summonings     | 2 |  2.0
Fighting       | |  0.2
Dodging        | |  2.9
Stealth        | |  2.4
Translocations | |  1.1

Action                   |  1- 3 |  4- 6 |  7- 9 || total
-------------------------+-------+-------+-------++-------
Melee: Dagger            |       |     3 |       ||     3
 Cast: Magic Dart        |   103 |   153 |    31 ||   287
       Call Imp          |     4 |    11 |     2 ||    17
       Blink             |     1 |       |       ||     1
       Mephitic Cloud    |       |       |     1 ||     1
  Use: Scroll            |     6 |     9 |     3 ||    18
       Potion            |       |     1 |     1 ||     2
Armor: Robe              |     4 |     8 |    12 ||    24
Dodge: Dodged            |    16 |    21 |    17 ||    54

Table legend: (Time is in decaauts)
 A = Elapsed time spent in this place.
 B = Non-inter-level travel time spent in this place.
 C = Inter-level travel time spent in this place.
 D = Time resting spent in this place.
 E = Time spent auto-exploring this place.
 F = Levels seen in this place.
 G = Mean time per level.
                   A        B        C        D        E       F      G
               +--------+--------+--------+--------+--------+-----+--------+
         Total |   5855 |   5751 |    104 |    778 |   4279 |   6 |  975.8 |
       Dungeon |   5855 |   5751 |    104 |    778 |   4279 |   6 |  975.8 |
               +--------+--------+--------+--------+--------+-----+--------+

Top non-repeatable levels by time:
     D:3: 1285 daAuts
     D:5: 1285 daAuts
     D:4: 1157 daAuts
     D:2: 1083 daAuts
     D:1: 1027 daAuts
     D:6: 15 daAuts
